 Dungeon Crawl Stone Soup version 0.21-a0-88-g13b9641 (webtiles) character file.

29479 4thArraOfDagon the Slinger (level 13, -5/95 HPs)
             Began as a Mummy Arcane Marksman on June 26, 2017.
             Was an Initiate of Gozag.
             Killed by divine providence
             ... invoked by an orc priest
             ... led by Saint Roka
              (12 damage)
             ... on level 2 of the Orcish Mines.
             The game lasted 00:48:30 (16218 turns).

4thArraOfDagon the Slinger (Mummy Arcane Marksman) Turns: 16218, Time: 00:48:30

Health: -5/95      AC: 20    Str: 20    XL:     13   Next: 15%
Magic:  15/15      EV: 15    Int: 21    God:    Gozag
Gold:   1331       SH:  0    Dex: 17    Spells: 13/14 levels left

rFire    + . .     SeeInvis .   R - +3 sling "Punk" {acid, rCorr}
rCold    + + .     Gourm    .   (no shield)
rNeg     + + +     Faith    .   M - +4 chain mail
rPois    ∞         Spirit   .   q - +1 helmet
rElec    +         Reflect  .   L - +0 cloak
rCorr    +         Harm     .   (no gloves)
MR       +....                  (no boots)
Stlth    ..........             B - amulet of regeneration
HPRegen  0.65/turn              m - ring of protection from fire
MPRegen  0.14/turn              C - +4 ring of protection

@: mighty, brilliant, agile, resistant, hasted, very quick
A: no food or potions, fire vulnerability, cold resistance 1, negative energy
resistance 3, torment resistance, unbreathing, in touch with death 1
a: Potion Petition, Call Merchant, Bribe Branch, Renounce Religion


You were on level 2 of the Orcish Mines.
You worshipped Gozag.
Gozag was most pleased with you.
You were not hungry.

You visited 3 branches of the dungeon, and saw 16 of its levels.
You also visited: Bailey.

You collected 3566 gold pieces.
You spent 1089 gold pieces at shops.
You paid 1146 gold pieces to Gozag.

Inventory:

Hand Weapons
 a - a +1 hand crossbow
 j - a +0 lajatang
 k - a +0 short sword
 n - a -1 mace
 o - a -3 flail
 s - a +0 blowgun
 F - a +4 great sword of freezing
 I - a +0 hunting sling
 Q - a +0 scimitar of flaming
 R - the +3 sling "Punk" (weapon) {acid, rCorr}
   (You bought it in a shop on level 9 of the Dungeon)

   It protects you from acid and corrosion.
Missiles
 d - 41 bolts
 t - 7 curare-tipped needles
 J - 171 stones (quivered)
Armour
 e - a +0 robe
 f - a cursed -1 chain mail
 i - a +0 ring mail
 q - a +1 helmet (worn)
 v - a +0 chain mail
 L - a +0 cloak (worn)
 M - a +4 chain mail (worn)
 U - a +1 chain mail of cold resistance
Magical Staves
 O - an uncursed staff of poison {unknown}
Jewellery
 m - a ring of protection from fire (left hand)
 p - an uncursed ring of protection from fire
 r - an uncursed ring of loudness
 w - an uncursed ring of poison resistance
 A - an uncursed ring of flight
 B - an amulet of regeneration (around neck)
 C - a +4 ring of protection (right hand)
 P - an uncursed ring of stealth
 T - an uncursed ring of ice
Wands
 h - a wand of random effects (33/48)
 y - a wand of disintegration (0/24)
 z - a wand of disintegration (20/24)
 E - a wand of iceblast (2/15)
 G - a wand of paralysis (5/24)
 H - a wand of random effects (35/48)
 K - a wand of flame (39/48)
 N - a wand of confusion (27/48)
Scrolls
 b - 3 scrolls of amnesia
 g - a scroll of immolation
 l - 3 scrolls of fog
 u - a scroll of noise
 x - 2 scrolls of remove curse
 S - a scroll of recharging
Books
 c - a book of Debilitation

   Spells                             Type                      Level
   a - Corona                         Hexes                        1
   b - Slow                           Hexes                        2
   c - Inner Flame                    Hexes/Fire                   3
   d - Portal Projectile              Hexes/Translocation          3
   e - Cause Fear                     Hexes                        4
   f - Leda's Liquefaction            Hexes/Earth                  4
 D - a book of Geomancy

   Spells                             Type                      Level
   a - Sandblast                      Earth                        1
   b - Passwall                       Transmutation/Earth          2
   c - Stone Arrow                    Conjuration/Earth            3
   d - Petrify                        Transmutation/Earth          4
   e - Lee's Rapid Deconstruction     Earth                        5


   Skills:
 - Level 6.6 Fighting
 * Level 13.4 Slings
 - Level 10.3 Crossbows
 - Level 4.1 Armour
 - Level 4.2 Dodging
 - Level 1.3 Spellcasting
 - Level 2.6 Hexes


You had 13 spell levels left.
You knew the following spells:

 Your Spells              Type           Power        Failure   Level  Hunger
a - Corona                Hex            ####...      6%          1    N/A

Dungeon Overview and Level Annotations

Branches:
Dungeon (13/15)            Temple (1/1) D:5             Orc (2/2) D:10
    Elf (0/3) Orc:2
   Lair: D:8-11      Vaults: D:13-14

Altars:
Ashenzari
Cheibriados
Dithmenos
Elyvilon
Fedhas
Gozag
Hepliaklqana
Nemelex Xobeh
Okawaru
Qazlal
Wu Jian
Zin

Shops:
D:7 :   D:9 (   Orc:2 =[(

Annotations:
D:8 2 exclusions
Orc:2 Saint Roka


Innate Abilities, Weirdness & Mutations

You do not eat or drink.
Your flesh is vulnerable to fire.
You are immune to poison.
Your flesh is cold resistant. (rC+)
You are immune to negative energy. (rN+++)
You are immune to unholy pain and torment.
You can survive without breathing.
You are in touch with the powers of death.


Message History

Beogh smites you!
* * * LOW HITPOINT WARNING * * *
Unknown command.
Unknown command.
Okay, then.
Okay, then.
Unknown command. [a] - 462 gold - resistance, invisibility and agility [b] - 506 gold - curing, magic, might, agility and brilliance [c] - 364 gold - haste and flight Purchase which effect?
You feel better. Magic courses through your body.
You feel mightier all of a sudden.
You feel agile all of a sudden.
You feel clever all of a sudden. The warg bites you.
* * * LOW HITPOINT WARNING * * *
The orc priest invokes the aid of Beogh against you.
Beogh smites you!
You die...
Your body crumbles into a pile of gold.

.........[....(..((....).### ##
..............((o......###.##
...#............[(......##...# #
..#.............$(...[....#.###.
#....#......o...(..............
....#...........(o.............
#..##.......#...<.##)[...##....
##.........h).).#.....#.....
#..........@................
##.###...#..................
#....#....#........P.PP.....
##...........................
#........#.#.............P.#.
##.#..#........#..P..∩..8....
##..........................
........##....#P............
.##.......#.............P....


You could see Saint Roka, a warg, an orc priest and an orc.

Vanquished Creatures
  2 orc warlords
  Fannar (Orc:1)
  Erica (D:10)
  8 two-headed ogres
  A tengu warrior (D:10)
  2 orc high priests (Orc:2)
  An orc knight (Orc:2)
  7 orc sorcerers (Orc:2)
  3 centaur zombies
  A gargoyle (D:11)
  3 trolls
  4 hornets
  A hippogriff (D:10)
  A spriggan (D:7)
  A shadow (D:11)
  5 yaks (D:10)
  A wyvern (D:8)
  A wraith (D:12)
  Grum (D:10)
  3 vampire mosquitoes (D:12)
  2 steam dragons
  5 hungry ghosts
  3 wargs (Orc:2)
  A water moccasin (D:8)
  An acid dragon (D:10)
  A sky beast (D:9)
  29 orc warriors
  2 necrophages
  5 phantoms
  19 ogres
  The ghost of 4thArraOfDagon the Slasher, an amateur FoWr (D:5)
  2 centaurs (D:10)
  2 wolves (D:10)
  3 big kobolds
  7 bullfrogs
  A wyvern skeleton (D:7)
  3 scorpions
  19 killer bees
  9 wights
  2 howler monkeys
  4 jellies
  2 quasits
  A bullfrog zombie (D:9)
  2 crimson imps
  4 hounds
  2 bullfrog skeletons
  4 iguanas
  7 orc priests
  20 orc wizards
  3 centaur skeletons
  11 worker ants
  A killer bee zombie (D:8)
  A worker ant zombie (D:10)
  6 gnolls
  10 adders
  2 shadow imps
  2 worms (D:2)
  7 leopard geckos
  94 orcs
  A ball python (D:3)
  6 giant cockroaches
  14 hobgoblins
  7 jackals
  19 kobolds
  3 quokkas
  3 bats (D:2)
  4 frilled lizards
  5 goblins
  9 rats
419 creatures vanquished.

Vanquished Creatures (others)
  A quokka (D:6)
  A fungus (Orc:2)
2 creatures vanquished.

Grand Total: 421 creatures vanquished

Notes
Turn   | Place    | Note
-------+----------+-------------------------------------------
     0 | D:1      | 4thArraOfDagon the Mummy Arcane Marksman began the quest for the Orb.
     0 | D:1      | Reached XP level 1. HP: 15/15 MP: 2/2
   388 | D:1      | Reached XP level 2. HP: 16/21 MP: 4/4
   840 | D:3      | Reached XP level 3. HP: 21/26 MP: 5/5
   890 | D:4      | Noticed an ogre
   931 | D:3      | Found a blossoming altar of Fedhas.
   951 | D:3      | Found a faded altar of an unknown god.
   969 | D:4      | Noticed an ogre
   972 | D:4      | Killed an ogre
   972 | D:4      | Reached XP level 4. HP: 28/32 MP: 6/6
   994 | D:4      | Noticed an ogre
  1002 | D:4      | Killed an ogre
  1002 | D:4      | Reached XP level 5. HP: 36/37 MP: 7/7
  1019 | D:4      | Reached skill level 5 in Crossbows
  1136 | D:4      | Reached XP level 6. HP: 20/43 MP: 8/8
  1425 | D:4      | Found a sparkling altar of Nemelex Xobeh.
  1631 | D:4      | Reached XP level 7. HP: 32/48 MP: 9/9
  1757 | D:5      | Entered Level 5 of the Dungeon
  1811 | D:5      | Found a staircase to the Ecumenical Temple.
  1820 | Temple   | Entered the Ecumenical Temple
  1843 | Temple   | Became a worshipper of Gozag Ym Sagoz the Greedy
  1875 | D:6      | Noticed a seven-headed hydra
  1876 | D:6      | DA FUCK
  1880 | D:5      | Noticed 4thArraOfDagon's ghost (amateur FoWr)
  2555 | D:6      | Found a white marble altar of Elyvilon.
  3681 | D:2      | Found an iron altar of Okawaru.
  4000 | D:3      | Found a shattered altar of Ashenzari.
  5802 | D:5      | Reached XP level 8. HP: 42/57 MP: 10/10
  7130 | D:7      | Found Nouseudgh's Book Boutique.
  7256 | D:8      | Noticed a hornet
  7274 | D:6      | Reached XP level 9. HP: 65/67 MP: 11/11
  7429 | D:7      | Reached skill level 5 in Fighting
  7518 | D:7      | Reached skill level 1 in Armour
  7901 | D:8      | Noticed a two-headed ogre
  8193 | D:8      | Noticed a two-headed ogre
  8204 | D:8      | Killed a two-headed ogre
  8204 | D:8      | Reached skill level 10 in Crossbows
  8459 | D:8      | Reached XP level 10. HP: 76/76 MP: 12/12
  8600 | D:8      | Noticed a two-headed ogre
  8807 | D:9      | Noticed a two-headed ogre
  9358 | D:7      | Killed a two-headed ogre
  9358 | D:7      | Reached skill level 1 in Slings
  9450 | D:7      | Reached skill level 2 in Slings
  9604 | D:8      | Killed a two-headed ogre
  9604 | D:8      | Reached skill level 3 in Slings
 10118 | D:9      | Reached skill level 4 in Slings
 10472 | D:9      | Noticed a two-headed ogre
 10481 | D:9      | Killed a two-headed ogre
 10481 | D:9      | Reached skill level 5 in Slings
 11077 | D:9      | Killed a two-headed ogre
 11077 | D:9      | Reached XP level 11. HP: 81/83 MP: 13/13
 11099 | D:9      | Bought 18 stones for 28 gold pieces
 11099 | D:9      | Bought 13 stones for 20 gold pieces
 11161 | D:5      | Killed 4thArraOfDagon's ghost
 11161 | D:5      | Reached skill level 6 in Slings
 11651 | D:10     | Entered Level 10 of the Dungeon
 11714 | D:10     | Noticed a tengu warrior
 12277 | D:11     | Noticed a two-headed ogre
 12283 | D:11     | Noticed a five-headed hydra
 12375 | D:11     | Reached skill level 7 in Slings
 12518 | D:11     | Killed a two-headed ogre
 12527 | D:11     | Found a flagged portal.
 12535 | Bailey   | Entered a bailey
 12922 | Bailey   | Reached skill level 8 in Slings
 12989 | Bailey   | Noticed an orc knight
 13168 | D:10     | Noticed Erica
 13648 | D:13     | Noticed a tengu warrior
 13733 | D:11     | Reached skill level 9 in Slings
 13823 | D:11     | Noticed an orc knight
 13875 | D:10     | Killed Erica
 13892 | D:10     | Noticed a two-headed ogre
 13903 | D:10     | Killed a two-headed ogre
 14026 | D:9      | Bought the +3 sling "Punk" {acid, rCorr} for 1041 gold pieces
 14196 | D:10     | Found a staircase to the Orcish Mines.
 14214 | D:10     | Killed a tengu warrior
 14214 | D:10     | Reached skill level 10 in Slings
 14405 | D:10     | Reached XP level 12. HP: 88/89 MP: 14/14
 14412 | D:10     | Noticed Grum
 14421 | D:10     | Killed Grum
 14845 | D:10     | Reached skill level 11 in Slings
 14905 | Orc:1    | Entered Level 1 of the Orcish Mines
 14974 | Orc:1    | Noticed Fannar
 14992 | Orc:1    | Killed Fannar
 15362 | Orc:1    | Noticed an orc warlord
 15397 | Orc:1    | Killed an orc warlord
 15547 | Orc:2    | Entered Level 2 of the Orcish Mines
 15610 | Orc:2    | Noticed a two-headed ogre
 15620 | Orc:2    | Killed a two-headed ogre
 15620 | Orc:2    | Reached skill level 12 in Slings
 15711 | Orc:2    | Noticed an orc high priest
 15716 | Orc:2    | Noticed an orc warlord
 15716 | Orc:2    | Killed an orc high priest
 15735 | Orc:2    | Killed an orc warlord
 15819 | Orc:2    | Found Yti Nuo's Antique Weapon Shoppe.
 15858 | Orc:2    | Found a staircase to the Elven Halls.
 15924 | Orc:2    | Found Penwafoz's Jewellery Shoppe.
 15924 | Orc:2    | Noticed an orc high priest
 15973 | Orc:2    | Killed an orc high priest
 15973 | Orc:2    | Reached skill level 13 in Slings
 15984 | Orc:2    | Gained mutation: You are in touch with the powers of death. [Mummy growth]
 15984 | Orc:2    | Reached XP level 13. HP: 66/95 MP: 15/15
 16151 | Orc:2    | Found Zaath's Antique Armour Shoppe.
 16151 | Orc:2    | Noticed Saint Roka
 16217 | Orc:2    | HP: 3/95 [Saint Roka/divine providence (17)]
 16218 | Orc:2    | Killed from afar by an orc priest

Vault maps used:
D:1:      dpeg_arrival_lava_altar
D:2:      okawaru_altar_gauntlet_db, first_bread
D:3:      ashenzari_conservatory_becter, fedhas_altar_4,
          chequers_ecumenical_altar_island, minmay_misc_feat_secret_circle
D:4:      overflow_temple_1_default
D:5:      temple_statues
D:6:      elyvilon_altar_4, nicolae_overflow_hidden_temple
D:7:      serial_shops, shop, the_bakery
D:8:      erik_lair_dragon
D:10:     orc_0_dummy, uniq_erica, uniq_grum
D:11:     minmay_the_grid_four_pointed_star, enter_bailey_2
D:12:     serial_shops, shop, nicolae_shop_stone, minivault_7
Temple:   regret_index_temple_waves
Orc:1:    uniq_fannar
Orc:2:    grunt_orc_gardens, grunt_orc_garden, grunt_orc_garden,
          grunt_orc_garden, grunt_orc_garden, uniq_saint_roka
Bailey:   bailey_polearm_5, bailey

Skill      XL: |  1  2  3  4  5  6  7  8  9 10 11 12 |
---------------+-------------------------------------+-----
Crossbows      | 2 4 5 6 7 9 10 | 10.3
Fighting       | 2 4 6 |  6.6
Dodging        | 3 4 |  4.2
Armour         | 2 4 |  4.1
Slings         | 5 10 13 | 13.4
Spellcasting   | |  1.3
Hexes          | |  2.6

Action                   |  1- 3 |  4- 6 |  7- 9 | 10-12 | 13-15 || total
-------------------------+-------+-------+-------+-------+-------++-------
Melee: Short sword       |    21 |       |       |       |       ||    21
       Lajatang          |       |       |   516 |   314 |       ||   830
       Flail             |       |       |       |     1 |       ||     1
       Great sword       |       |       |       |   180 |       ||   180
 Fire: Hand crossbow     |    74 |    56 |   299 |   326 |       ||   755
       Fustibalus        |       |       |       |   377 |   102 ||   479
       Hunting sling     |       |       |       |     8 |       ||     8
Throw: Stone             |       |       |       |     1 |       ||     1
Invok: Call Merchant     |       |       |       |     1 |       ||     1
       Potion Petition   |       |       |       |       |     2 ||     2
Evoke: Wand              |       |       |     3 |     9 |       ||    12
  Use: Scroll            |       |     1 |    14 |    13 |       ||    28
 Stab: Distracted        |       |       |     1 |     1 |       ||     2
Armor: Robe              |     1 |       |       |       |       ||     1
       Ring mail         |    20 |    13 |   131 |       |       ||   164
       Chain mail        |       |       |   390 |   872 |    14 ||  1276
Dodge: Dodged            |    34 |    21 |   392 |   531 |     8 ||   986
       Rpst.: Great sword |       |       |       |    51 |       ||    51
